 Dungeon Crawl Stone Soup version 0.28-a0-384-g9e0c098162 (webtiles) character file.

Game seed: 4757585207226494315

22 lunkers the Skirmisher (level 2, 0/27 HPs)
             Began as a Minotaur Cinder Acolyte on Sept 2, 2021.
             Was a High Priest of Ignis.
             Slain by a rat (2 damage)
             ... on level 1 of the Dungeon.
             The game lasted 00:01:20 (410 turns).

lunkers the Skirmisher (Minotaur Cinder Acolyte)     Turns: 410, Time: 00:01:21

Health: 0/27       AC:  2    Str: 18    XL:     2   Next: 68%
Magic:  2/2        EV: 11    Int: 11    God:    Ignis [*****.]
Gold:   9          SH:  0    Dex:  5    Spells: 3/3 levels left

rFire   + . .      SeeInvis .   c - +0 eveningstar
rCold   . . .      Faith    .   (no shield)
rNeg    . . .      Spirit   .   a - +0 robe
rPois   .          Reflect  .   (helmet restricted)
rElec   .          Harm     .   (no cloak)
rCorr   .          Rampage  .   (no gloves)
Will    .....                   (no boots)
Stlth   +.........              (no amulet)
HPRegen 0.09/turn               (no ring)
MPRegen 0.08/turn               (no ring)

@: no status effects
A: horns 2, retaliatory headbutt
a: Renounce Religion, Sea of Fire, Foxfire Swarm, Rising Flame


You were on level 1 of the Dungeon.
You worshipped Ignis.
Ignis was extremely pleased with you.
You visited 1 branch of the dungeon, and saw 1 of its levels.

You collected 9 gold pieces.

Inventory:

Hand Weapons
 c - a +0 eveningstar (weapon)
Armour
 a - a +0 robe (worn)
Potions
 b - a potion of heal wounds {unknown}


   Skills:
 + Level 4.0 Fighting
 * Level 1.5 Maces & Flails
 - Level 3.7 Unarmed Combat
 - Level 1.0 Spellcasting
 - Level 2.1 Fire Magic


You had 3 spell levels left.
You didn't know any spells.
Your spell library contained the following spells:

 Spells                   Type           Power      Damage    Failure   Level
 Scorch                   Fire           10%        2d5       21%         2


Dungeon Overview and Level Annotations

Branches:
Dungeon (1/15)

Altars:

Shops:
D:1 *


Innate Abilities, Weirdness & Mutations

You have a pair of horns on your head.
You reflexively headbutt those who attack you in melee.


Message History

The quokka is almost dead.
The quokka barely misses you. You furiously retaliate!
You headbutt the quokka.
You kill the quokka!
The rat twitches its whiskers.
You barely miss the goblin. The goblin hits you with a +0 club.
* * * LOW HITPOINT WARNING * * *
You closely miss the goblin. Your headbutt misses the goblin.
The goblin hits you with a +0 club.
* * * LOW HITPOINT WARNING * * *
The goblin hits you but does no damage.
You closely miss the goblin. The goblin barely misses you.
You closely miss the goblin. Your headbutt misses the goblin.
The goblin closely misses you. x2
You barely miss the goblin. Your headbutt misses the goblin.
The goblin closely misses you. You furiously retaliate!
You headbutt the goblin. You completely miss the goblin.
Your headbutt misses the goblin.
The goblin is moderately wounded.
The goblin closely misses you.
You barely miss the goblin.
The goblin is moderately wounded.
The goblin barely misses you. You furiously retaliate!
You headbutt the goblin!
You kill the goblin!
You hit the goblin.
The goblin is heavily wounded.
The goblin hits you with a +0 club.
* * * LOW HITPOINT WARNING * * *
The goblin barely misses you.
You closely miss the goblin.
The goblin is heavily wounded.
The goblin hits you with a +0 club.
* * * LOW HITPOINT WARNING * * *
You closely miss the goblin.
The goblin is heavily wounded.
The goblin hits you with a +0 club.
* * * LOW HITPOINT WARNING * * *
You puncture the goblin!
You kill the goblin!
The rat bites you.
You die...

############.#
#.....
.............#
#(...
.........)....
#.#.#
.#####..#####.
#.#.# #..# #.
#...### #..# #.
##.#####.....
#..# #.
..........######
#..# #.
#........r@...#
#..# #.
#..####..####.#
###..# #. #..#
#.# #....# #.
#..####.###.#.##
#.
..............#
#.
###.###..###.###
#. #.# #.†# #.#
## #.# #..# #.#
###.###.†# #.#


You could see a rat.

Vanquished Creatures
  2 bats (D:1)
  2 endoplasms (D:1)
  3 giant cockroaches (D:1)
  3 goblins (D:1)
  3 hobgoblins (D:1)
  3 kobolds (D:1)
  A quokka (D:1)
  A ball python (D:1)
  A frilled lizard (D:1)
  A rat (D:1)
20 creatures vanquished.

Notes
Turn   | Place    | Note
-------+----------+-------------------------------------------
     0 | D:1      | lunkers the Minotaur Cinder Acolyte began the quest for the
                  | Orb.
     0 | D:1      | Reached XP level 1. HP: 19/19 MP: 1/1
    48 | D:1      | Found Ikaduxy's Assorted Antiques.
   129 | D:1      | Reached XP level 2. HP: 26/27 MP: 2/2
   234 | D:1      | Reached skill level 4 in Fighting
   237 | D:1      | Reached skill level 1 in Maces & Flails
   410 | D:1      | Slain by a rat

Illustrated notes

Levels and vault maps discovered:
D:1:      evilmike_arrival_crescent, layout_loops_ring, serial_shops, shop

Skill      XL: |  1  2 |
---------------+-------+-----
Fighting       | 4 |  4.0
Maces & Flails | 1 |  1.5
Unarmed Combat | |  3.7
Spellcasting   | |  1.0
Fire Magic     | |  2.1

Action                   || total
-------------------------++-------
Melee: Unarmed           ||    10
       Headbutt          ||     2
       Eveningstar       ||    32
Armor: Robe              ||    14
Dodge: Dodged            ||    38

Table legend: (Time is in decaauts)
 A = Elapsed time spent in this place.
 B = Non-inter-level travel time spent in this place.
 C = Inter-level travel time spent in this place.
 D = Time resting spent in this place.
 E = Time spent auto-exploring this place.
 F = Levels seen in this place.
 G = Mean time per level.
                   A        B        C        D        E       F      G
               +--------+--------+--------+--------+--------+-----+--------+
         Total |    423 |    423 |      0 |      0 |    300 |   1 |  423.0 |
       Dungeon |    423 |    423 |      0 |      0 |    300 |   1 |  423.0 |
               +--------+--------+--------+--------+--------+-----+--------+

Top non-repeatable levels by time:
     D:1: 423 daAuts
